 Dungeon Crawl Stone Soup version 0.26-a0-846-gcc8f1ee719 (console) character file.

Game seed: 11894385250832060567

113 jejorda2 the Slasher (level 4, 0/35 HPs)
             Began as a Vampire Berserker on Nov 20, 2020.
             Was a Believer of Trog.
             Killed from afar by Sigmund (9 damage)
             ... with a puff of flame
             ... on level 3 of the Dungeon.
             The game lasted 00:03:06 (1383 turns).

jejorda2 the Slasher (Vampire Berserker)            Turns: 1383, Time: 00:03:09

Health: 0/35       AC:  5    Str: 17    XL:     4   Next: 65%
Magic:  4/4        EV: 12    Int:  9    God:    Trog [**....]
Gold:   143        SH:  5    Dex: 13    Spells: 3/3 levels left

rFire    . . .     SeeInvis +   a - +0 falchion
rCold    . . .     Faith    .   (no shield)
rNeg     . . .     Spirit   .   m - +0 leather armour
rPois    .         Reflect  +   (no helmet)
rElec    .         Harm     .   b - +0 cloak
rCorr    .         Rampage  .   h - +0 pair of gloves
MR       .....                  (no boots)
Stlth    +.........             l - amulet of reflection
HPRegen  0.31/turn              (no ring)
MPRegen  0.09/turn              (no ring)

@: lethally poisoned (0 -> -2), berserk cooldown, regenerating quickly, slowed,
very slow
A: fangs 3, see invisible, unbreathing
a: Exsanguinate, Berserk, Trog's Hand, Renounce Religion


You were on level 3 of the Dungeon.
You worshipped Trog.
Trog was pleased with you.
You visited 1 branch of the dungeon, and saw 3 of its levels.

You collected 143 gold pieces.

Inventory:

Hand Weapons
 a - a +0 falchion (weapon)
Missiles
 k - 30 poisoned darts (quivered)
Armour
 b - a +0 cloak (worn)
 h - a +0 pair of gloves (worn)
 m - a +0 leather armour (worn)
Jewellery
 e - an uncursed ring of ice
 l - an amulet of reflection (around neck)
Scrolls
 c - 2 scrolls of teleportation {unknown}
 d - a scroll of blinking {unknown}
 f - 5 scrolls of identify {unknown}
 j - a scroll of enchant armour {unknown}
 n - a scroll of remove curse {unknown}
Potions
 g - a potion of mutation {unknown}
 i - a potion of curing {unknown}


   Skills:
 + Level 3.3 Fighting
 * Level 4.4 Long Blades
 + Level 2.4 Armour
 - Level 2.1 Dodging


You had 3 spell levels left.
You didn't know any spells.
Your spell library was empty.

Dungeon Overview and Level Annotations

Branches:
Dungeon (3/15)

Altars:
Ashenzari
Xom

Annotations:
D:3 Sigmund


Innate Abilities, Weirdness & Mutations

Your natural rate of healing is unusually fast.
You have razor-sharp teeth.
You have supernaturally acute eyesight. (SInv)
You can survive without breathing.


Message History

You hit the gnoll.
You kill the gnoll!
Trog accepts your kill.
A giant cockroach comes into view.
Sigmund hits you but does no damage.
You are poisoned.
You see here a +0 halberd.
You slash Sigmund! Your bite misses Sigmund.
Sigmund is moderately wounded.
You feel sick. Sigmund completely misses you.
You barely miss Sigmund.
Sigmund is moderately wounded.
You barely miss Sigmund.
Sigmund is moderately wounded.
You are no longer berserk.
You are exhausted.
You feel yourself slow down.
You feel sick.
Sigmund points at you and mumbles some strange words.
The puff of flame hits you!
You die...

## g. .# (.
#########.#(###
#..)@@B........
###)#####.#.###
#.# # #<# ###


You could see Sigmund (fast) and a giant cockroach.

Vanquished Creatures
  4 gnolls
  2 adders (D:2)
  4 oozes
  A dart slug (D:2)
  A leopard gecko (D:1)
  2 ball pythons
  2 giant cockroaches
  3 goblins
  5 hobgoblins
  2 jackals (D:2)
  2 kobolds
  A quokka (D:2)
  2 bats (D:2)
  3 frilled lizards
  4 rats (D:1)
38 creatures vanquished.

Notes
Turn   | Place    | Note
-------+----------+-------------------------------------------
     0 | D:1      | jejorda2 the Vampire Berserker began the quest for the Orb.
     0 | D:1      | Reached XP level 1. HP: 17/17 MP: 1/1
    85 | D:1      | Reached XP level 2. HP: 17/23 MP: 2/2
   512 | D:1      | Reached XP level 3. HP: 29/29 MP: 3/3
   714 | D:2      | Reached ** piety under Trog
   828 | D:2      | Reached skill level 4 in Long Blades
  1037 | D:2      | Found a shimmering altar of Xom.
  1038 | D:2      | Found a broken altar of Ashenzari.
  1063 | D:2      | Reached XP level 4. HP: 31/35 MP: 4/4
  1373 | D:3      | Noticed Sigmund
  1383 | D:3      | Killed from afar by Sigmund

Illustrated notes

Levels and vault maps discovered:
D:1:      onia_arrival_handbag, layout_loops_cross, minmay_split_cup_large
D:2:      layout_loops_ring, gammafunk_temple_overflow_pools, solitary_fountain
D:3:      layout_basic, lemuel_doored_altar, uniq_sigmund, uniq_grinder

Skill      XL: |  1  2  3 |
---------------+----------+-----
Fighting       | 3 |  3.3
Armour         | 2 |  2.4
Long Blades    | 4 |  4.4
Dodging        | |  2.1

Action                   |  1- 3 |  4- 6 || total
-------------------------+-------+-------++-------
Melee: Falchion          |    72 |    25 ||    97
       Bite              |     9 |     4 ||    13
Throw: Dart              |       |     1 ||     1
Invok: Berserk           |       |     1 ||     1
 Stab: Sleeping          |     2 |       ||     2
Armor: Animal skin       |    17 |       ||    17
       Leather armour    |     6 |     4 ||    10
Dodge: Dodged            |    42 |    15 ||    57
Block: Other             |     9 |     5 ||    14
       Rpst.: Falchion   |    11 |     4 ||    15

Table legend: (Time is in decaauts)
 A = Elapsed time spent in this place.
 B = Non-inter-level travel time spent in this place.
 C = Inter-level travel time spent in this place.
 D = Time resting spent in this place.
 E = Time spent auto-exploring this place.
 F = Levels seen in this place.
 G = Mean time per level.
                   A        B        C        D        E       F      G
               +--------+--------+--------+--------+--------+-----+--------+
         Total |   1389 |   1364 |     25 |     40 |   1050 |   3 |  463.0 |
       Dungeon |   1389 |   1364 |     25 |     40 |   1050 |   3 |  463.0 |
               +--------+--------+--------+--------+--------+-----+--------+

Top non-repeatable levels by time:
     D:2: 719 daAuts
     D:1: 637 daAuts
     D:3: 32 daAuts
